 Dungeon Crawl Stone Soup version 0.24.0-13-gcf9b319 (webtiles) character file.

Game seed: 1950912123505122509, levelgen mode: deterministic

13148 stigmas the Grappler (level 11, -4/156 HPs)
             Began as a Troll Transmuter on Nov 18, 2019.
             Slain by a seven-headed hydra (7 damage)
             ... on level 4 of the Lair of Beasts.
             The game lasted 00:26:40 (10026 turns).

stigmas the Grappler (Troll Transmuter)            Turns: 10026, Time: 00:26:41

Health: -4/156     AC:  7    Str: 27    XL:     11   Next: 71%
Magic:  16/16      EV: 19    Int: 12    God:
Gold:   730        SH:  0    Dex: 15    Spells: 17/18 levels left

rFire    + . .     SeeInvis .   z - +3 morningstar "Hiti" {elec, Dex+5}
rCold    + . .     Gourm    +   (no shield)
rNeg     . . .     Faith    .   p - +0 robe
rPois    .         Spirit   .   J - +1 hat
rElec    .         Reflect  .   B - scarf {rC+ rF+}
rCorr    .         Harm     .   (gloves unavailable)
MR       .....                  (boots unavailable)
Stlth    ..........             C - amulet of rage (curse)
HPRegen  0.76/turn              H - +4 ring of evasion
MPRegen  0.15/turn              v - +3 ring of evasion

@: berserking (expiring), very quick
A: large, unfitting armour, claws 3, fast metabolism 3, gourmand, regeneration
1, shaggy fur 1, strong 1, tough skin 3, sturdy frame 1
a: Evoke Berserk Rage


You were on level 4 of the Lair of Beasts.
You were not hungry.

You visited 2 branches of the dungeon, and saw 12 of its levels.

You collected 730 gold pieces.

Inventory:

Hand Weapons
 y - the +9 broad axe "Tiot Qoa" {elec, rF- rC+ rN+++ MR++}
   (You found it on level 6 of the Dungeon)

   Occasionally, upon striking a foe, it will discharge some electrical energy
   and cause terrible harm.
   It makes you vulnerable to fire.
   It protects you from cold.
   It renders you almost immune to negative energy.
   It affects your resistance to hostile enchantments.
 z - the +3 morningstar "Hiti" (weapon) {elec, Dex+5}
   (You found it on level 6 of the Dungeon)

   Occasionally, upon striking a foe, it will discharge some electrical energy
   and cause terrible harm.
   It affects your dexterity (+5).
Missiles
 a - 96 arrows
Armour
 e - a scarf of cloud immunity
 p - a +0 robe (worn)
 s - a +0 cloak
 B - a scarf of resistance (worn)
 J - a +1 hat (worn)
Jewellery
 h - an uncursed ring of resist corrosion
 m - an uncursed amulet of harm
 v - a +3 ring of evasion (right claw)
 C - a cursed amulet of rage (around neck)
 H - a +4 ring of evasion (left claw)
 I - a +4 ring of strength
Wands
 A - a wand of paralysis (5)
 D - a wand of scattershot (2)
Scrolls
 f - 6 scrolls of teleportation
 g - a scroll of fog
 j - a scroll of remove curse
 l - 3 scrolls of magic mapping
 n - a scroll of amnesia
 r - 2 scrolls of random uselessness
 E - a scroll of fear
 F - 2 scrolls of identify
 K - a scroll of brand weapon {unknown}
Potions
 b - 2 potions of agility
 c - 5 potions of brilliance
 i - a potion of heal wounds
 k - a potion of flight
 o - 3 potions of resistance
 q - a potion of might
 t - 4 potions of curing
 u - a potion of degeneration
 w - a potion of cancellation
 x - a potion of ambrosia {unknown}
Comestibles
 d - 9 rations


   Skills:
 * Level 5.2 Fighting
 + Level 4.8 Dodging
 * Level 14.1 Unarmed Combat
 * Level 4.2 Spellcasting
 * Level 5.0 Transmutations
 + Level 1.0 Evocations


You had 17 spell levels left.
You knew the following spells:

 Your Spells              Type           Power        Failure   Level  Hunger
a - Beastly Appendage     Tmut           ##....       2%          1    None

Your spell library contained the following spells:

 Spells                   Type           Power        Failure   Level  Hunger
 Sticks to Snakes         Tmut           ##......     4%          2    ##.....
 Apportation              Tloc           #.....       22%         1    None
 Sting                    Conj/Pois      #...         22%         1    None
 Summon Butterflies       Summ           #.......     22%         1    None
 Spider Form              Tmut/Pois      #.........   24%         3    ###....
 Poisonous Vapours        Pois/Air       #.....       32%         2    ##.....
 Call Canine Familiar     Summ           #.......     54%         3    ###....
 Lesser Beckoning         Tloc           #.........   54%         3    ###....
 Mephitic Cloud           Conj/Pois/Air  #.......     54%         3    ###....
 Tukima's Dance           Hex            #.......     54%         3    ###....
 Ice Form                 Ice/Tmut       #.......     61%         4    ####...
 Blade Hands              Tmut           ##........   61%         5    ######.
 Olgreb's Toxic Radiance  Pois           #.......     91%         4    ####...
 Summon Ice Beast         Ice/Summ       #.......     91%         4    ####...
 Alistair's Intoxication  Tmut/Pois      #.......     91%         5    ######.
 Summon Mana Viper        Hex/Summ       #.......     99%         5    ######.
 Venom Bolt               Conj/Pois      #.........   99%         5    ######.
 Invisibility             Hex            #.......     100%        6    #######
 Summon Hydra             Summ           #.........   100%        7    #######


Dungeon Overview and Level Annotations

Branches:
Dungeon (8/15)             Temple (0/1) D:5            Lair (4/6) D:8
  Swamp (0/4) Lair:4       Spider (0/4) Lair:3

Altars:
Ashenzari
Elyvilon
Fedhas
Gozag
Hepliaklqana
Kikubaaqudgha
Makhleb
Xom
Zin
The Shining One

Shops:
D:7 %

Annotations:
Lair:2 exclusion: 3 oklob plants


Innate Abilities, Weirdness & Mutations

You are too large for most types of armour.
You have claws for hands.
Your metabolism is lightning-fast.
You like to eat raw meat.
Your natural rate of healing is unusually fast.
You are covered in fur. (AC +1)
You have extremely tough skin. (AC +3)
Your muscles are strong. (Str +2)
Your movements are slightly less encumbered by armour. (ER -2)


Message History

The seven-headed hydra bites you. The seven-headed hydra bites you! x2
The seven-headed hydra bites you but does no damage.
The seven-headed hydra bites you. The seven-headed hydra bites you!
* * * LOW HITPOINT WARNING * * *
You impale the seven-headed hydra!!
The seven-headed hydra is severely wounded.
The seven-headed hydra bites you!
* * * LOW HITPOINT WARNING * * *
The seven-headed hydra bites you!
* * * LOW HITPOINT WARNING * * *
The seven-headed hydra barely misses you.
The seven-headed hydra bites you!
* * * LOW HITPOINT WARNING * * *
The seven-headed hydra misses you. The seven-headed hydra bites you!
* * * LOW HITPOINT WARNING * * *
The seven-headed hydra completely misses you.
You sock the seven-headed hydra!
The seven-headed hydra is severely wounded.
The seven-headed hydra bites you!
You die...

#...# #( #..## .# #...# P.##.#
##..## ## #..#.# #..#.###
#.###.##.######.P.##.
.........#.#........ #.
#.D..........>....#
....###.@..P.P..........#
........P.#PP.####§.♣♣§§.
#####.#.#.PP......§§§§§§. #
#...P..#.#.#.♣§>≈≈. ####
###...######.§§≈≈♣. . ##..##
###.P..# #..≈≈§.. ..#P<..##
###.....## ###†§...#
........#####P.P.....## #..####.#
.P..................PP###..###..#


You could see a seven-headed hydra.

Vanquished Creatures
  A catoblepas (Lair:3)
  4 elephants (Lair:3)
  A black mamba (Lair:2)
  6 spiny frogs
  3 rime drakes
  3 komodo dragons
  2 jumping spiders (Lair:3)
  A bog body (Lair:4)
  5 hippogriffs
  3 blink frogs (Lair:2)
  2 basilisks (Lair:2)
  6 yaks (Lair:2)
  Duvessa (D:6)
  5 water moccasins
  2 porcupines
  2 phantoms (D:4)
  A sky beast (D:4)
  2 black bears
  A centaur (D:4)
  2 ogres
  6 wolves (Lair:2)
  4 crocodiles (Lair:2)
  A big kobold (D:7)
  4 bullfrogs
  Dowan (D:6)
  2 scorpions
  3 wights
  3 howler monkeys (D:7)
  8 crimson imps
  A jelly (D:7)
  6 hounds
  A centaur skeleton (D:4)
  3 orc priests
  2 orc wizards (D:6)
  Crazy Yiuf (D:3)
  Terence (D:3)
  7 worker ants
  4 iguanas
  A hound zombie (D:8)
  A howler monkey zombie (D:6)
  Robin (D:3)
  A worker ant zombie (D:5)
  4 gnolls (D:4)
  13 adders
  3 shadow imps
  An adder zombie (D:8)
  An adder skeleton (D:7)
  5 worms
  A dart slug (D:2)
  6 leopard geckos
  14 orcs
  2 ball pythons
  5 giant cockroaches
  13 goblins
  12 hobgoblins
  6 jackals
  7 quokkas
  6 bats
  4 frilled lizards
  A giant cockroach zombie (D:5)
  A jackal skeleton (D:5)
  10 kobolds
  9 rats
239 creatures vanquished.

Vanquished Creatures (others)
  6 fungi
  5 plants (Lair:2)
11 creatures vanquished.

Grand Total: 250 creatures vanquished

Notes
Turn   | Place    | Note
-------+----------+-------------------------------------------
     0 | D:1      | stigmas the Troll Transmuter began the quest for the Orb.
     0 | D:1      | Reached XP level 1. HP: 18/18 MP: 1/1
   542 | D:1      | Reached XP level 2. HP: 20/26 MP: 2/2
   954 | D:2      | Reached skill level 1 in Fighting
   996 | D:2      | Reached XP level 3. HP: 33/33 MP: 4/4
  1025 | D:2      | Reached skill level 4 in Unarmed Combat
  1192 | D:2      | Reached XP level 4. HP: 38/41 MP: 5/5
  1283 | D:2      | HP: 2/41 [adder (4)]
  1380 | D:2      | Found a hazy altar of Hepliaklqana.
  1864 | D:3      | Noticed Robin
  1986 | D:3      | Noticed an ogre
  2006 | D:2      | Reached XP level 5. HP: 30/48 MP: 6/6
  2049 | D:2      | Killed an ogre
  2049 | D:2      | Reached skill level 5 in Unarmed Combat
  2236 | D:3      | Noticed Terence
  2251 | D:3      | Killed Terence
  2251 | D:3      | Reached XP level 6. HP: 55/55 MP: 7/7
  2310 | D:3      | Killed Robin
  2311 | D:3      | Found a blossoming altar of Fedhas.
  2592 | D:3      | Found a runed translucent door.
  2593 | D:3      | Noticed Crazy Yiuf
  2601 | D:3      | Killed Crazy Yiuf
  2760 | D:4      | Reached skill level 6 in Unarmed Combat
  2814 | D:4      | Reached XP level 7. HP: 28/63 MP: 7/9
  3127 | D:4      | Reached skill level 7 in Unarmed Combat
  3560 | D:5      | Entered Level 5 of the Dungeon
  3644 | D:5      | Found a staircase to the Ecumenical Temple.
  3712 | D:5      | Reached XP level 8. HP: 68/74 MP: 10/10
  3805 | D:5      | Found a white marble altar of Elyvilon.
  3858 | D:5      | Reached skill level 8 in Unarmed Combat
  4021 | D:5      | Found an ancient bone altar of Kikubaaqudgha.
  4021 | D:5      | Found a glowing golden altar of the Shining One.
  4021 | D:5      | Found a burning altar of Makhleb.
  4022 | D:5      | Found a glowing silver altar of Zin.
  4282 | D:6      | Noticed Duvessa
  4282 | D:6      | Noticed Dowan
  4358 | D:6      | Got a bloodstained broad axe
  4362 | D:6      | Got a bloodstained morningstar
  4437 | D:6      | Identified the +3 morningstar "Hiti" {elec, Dex+5} (You
                  | found it on level 6 of the Dungeon)
  4439 | D:6      | Identified the +9 broad axe "Tiot Qoa" {elec, rF- rC+ rN+++
                  | MR++} (You found it on level 6 of the Dungeon)
  4533 | D:6      | Reached skill level 9 in Unarmed Combat
  4669 | D:6      | Killed Duvessa
  4681 | D:6      | Killed Dowan
  4847 | D:6      | Reached XP level 9. HP: 80/80 MP: 12/12
  5312 | D:7      | Reached skill level 10 in Unarmed Combat
  5465 | D:7      | Found Judwyff's Food Shop.
  5559 | D:7      | Gained mutation: Your muscles are strong. (Str +2) [potion
                  | of mutation]
  5559 | D:7      | Gained mutation: Your movements are slightly less
                  | encumbered by armour. (ER -2) [potion of mutation]
  5730 | D:7      | Found a shimmering altar of Xom.
  5968 | D:8      | Found an opulent altar of Gozag.
  6110 | D:8      | Found a staircase to the Lair.
  6160 | D:8      | Found a shattered altar of Ashenzari.
  6272 | Lair:1   | Entered Level 1 of the Lair of Beasts
  6440 | Lair:1   | Reached skill level 11 in Unarmed Combat
  6536 | Lair:1   | Noticed a spiny frog
  6546 | Lair:1   | Killed a spiny frog
  6838 | Lair:1   | Noticed a komodo dragon
  6846 | Lair:1   | Killed a komodo dragon
  6846 | Lair:1   | Reached XP level 10. HP: 49/91 MP: 11/13
  7449 | Lair:2   | Reached skill level 12 in Unarmed Combat
  7548 | Lair:2   | Noticed a spiny frog
  7553 | Lair:2   | Killed a spiny frog
  7581 | Lair:2   | Noticed an oklob plant
  7643 | Lair:2   | Noticed a spiny frog
  7682 | Lair:2   | Killed a spiny frog
  7778 | Lair:2   | Noticed a spiny frog
  7792 | Lair:2   | Killed a spiny frog
  8154 | Lair:2   | Reached XP level 11. HP: 76/101 MP: 15/15
  8200 | Lair:2   | Reached skill level 13 in Unarmed Combat
  8464 | Lair:2   | Noticed an oklob plant
  8464 | Lair:2   | Noticed an oklob plant
  9105 | Lair:3   | Reached skill level 5 in Fighting
  9253 | Lair:3   | Noticed a catoblepas
  9279 | Lair:3   | Killed a catoblepas
  9360 | Lair:3   | Reached skill level 14 in Unarmed Combat
  9509 | Lair:3   | Found a hole to the Spider Nest.
  9847 | Lair:4   | Found a staircase to the Swamp.
  9856 | Lair:4   | Reached skill level 1 in Evocations
  9903 | Lair:4   | Reached skill level 5 in Transmutations
 10015 | Lair:4   | Noticed a seven-headed hydra
 10025 | Lair:4   | HP: 2/156 [seven-headed hydra (12)]
 10026 | Lair:4   | Slain by a seven-headed hydra

Levels and vault maps discovered:
D:1:      dpeg_arrival_renting, layout_basic, nrook_loot_triangle, minivault_11
D:2:      layout_loops_corners, nicolae_overflow_crystal_walls
D:3:      layout_rooms, first_ration, fedhas_altar_3, uniq_robin, uniq_terence,
          uniq_crazy_yiuf_cottage
D:4:      wad_pebble_path, layout_basic
D:5:      layout_gridville, chequers_temple_overflow_statue_of_worship,
          minmay_temple_entry_statues, basic_altar
D:6:      layout_rooms, uniq_duvessa
D:7:      layout_loops_ring, lemuel_coloured_pillars_altar, serial_shops,
          shop_coins
D:8:      layout_rooms, kennysheep_mini, ashenzari_conservatory_becter,
          lair_entry_dummy
Lair:1:   layout_loops_ring, infiniplex_staircase_pool_2
Lair:2:   layout_loops_ring, grunt_megastairs_1, minmay_lair_oklob_chamber,
          serial_bayou_shore_b
Lair:3:   layout_loops_ring, spider_nest_entry_a
Lair:4:   layout_loops_ring, skrybe_swamp_entry_bodies, minmay_holes

Skill      XL: |  1  2  3  4  5  6  7  8  9 10 11 |
---------------+----------------------------------+-----
Fighting       | 1 2 3 4 5 |  5.2
Unarmed Combat | 4 5 6 7 9 11 12 14 | 14.1
Dodging        | 2 3 4 |  4.8
Transmutations | 2 3 4 5 |  5.0
Spellcasting   | 2 3 4 |  4.2
Evocations     | 1 |  1.0

Action                   |  1- 3 |  4- 6 |  7- 9 | 10-12 || total
-------------------------+-------+-------+-------+-------++-------
Melee: Unarmed           |    84 |   185 |   321 |   234 ||   824
       Headbutt          |       |     1 |     1 |    16 ||    18
       Kick              |       |     1 |     3 |    11 ||    15
       Punch             |       |     5 |    11 |    15 ||    31
       Broad axe         |       |       |     1 |       ||     1
       Morningstar       |       |       |       |     6 ||     6
 Cast: Beastly Appendage |       |     3 |     5 |    14 ||    22
 Abil: Evoke Berserk Rag |       |       |       |     5 ||     5
  Use: Potion            |       |     3 |     1 |       ||     4
       Scroll            |       |       |    18 |     2 ||    20
 Stab: Sleeping          |     2 |       |     2 |       ||     4
  Eat: Chunk             |     4 |    12 |    20 |    28 ||    64
       Ration            |     1 |     1 |     5 |     2 ||     9
Armor: Robe              |    31 |    63 |    83 |    32 ||   209
       Skin              |       |     2 |       |       ||     2
Dodge: Dodged            |    32 |    95 |   189 |   148 ||   464
